 Dungeon Crawl Stone Soup version 0.22.0-60-ga52c2fc (webtiles) character file.

50 Golfball the Stinger (level 3, -1/20 HPs)
             Began as a Gargoyle Venom Mage on Sept 10, 2018.
             Was a Believer of Lugonu.
             Slain by a worm (7 damage)
             ... on level 4 of the Dungeon.
             The game lasted 00:09:10 (1770 turns).

Golfball the Stinger (Gargoyle Venom Mage)          Turns: 1770, Time: 00:09:10

Health: -1/20      AC:  6    Str: 12    XL:     3   Next: 79%
Magic:  1/6        EV: 11    Int: 15    God:    Lugonu [**....]
Gold:   78         SH:  0    Dex: 10    Spells: 1/7 levels left

rFire    . . .     SeeInvis .   j - +0 mace
rCold    . . .     Gourm    .   (no shield)
rNeg     + . .     Faith    .   k - +0 leather armour
rPois    ∞         Spirit   .   (no helmet)
rElec    +         Reflect  .   (no cloak)
rCorr    .         Harm     .   (no gloves)
MR       .....                  (no boots)
Stlth    ++........             (no amulet)
HPRegen  0.06/turn              (no ring)
MPRegen  0.10/turn              (no ring)

@: no status effects
A: negative energy resistance 1, electricity resistance, unbreathing,
petrification resistance, rot immunity, AC +3
a: Depart the Abyss, Bend Space, Renounce Religion


You were on level 4 of the Dungeon.
You worshipped Lugonu.
Lugonu was pleased with you.
You were hungry.

You visited 1 branch of the dungeon, and saw 3 of its levels.

You collected 78 gold pieces.

Inventory:

Hand Weapons
 f - a +0 hand axe
 j - a +0 mace (weapon)
Missiles
 d - 137 stones (quivered)
 r - 24 sling bullets
Armour
 k - a +0 leather armour (worn)
Scrolls
 a - a scroll of enchant armour {unknown}
 b - a scroll of teleportation {unknown}
 h - a scroll of identify
 i - a scroll of fog {unknown}
 l - 3 scrolls of remove curse
Potions
 e - 2 potions of lignification
 g - 2 potions of berserk rage
 n - a potion of cancellation {unknown}
 o - a potion of brilliance {unknown}
 p - a potion of agility {unknown}
 q - a potion of might {unknown}
Comestibles
 c - 9 rations
 m - 3 chunks of flesh


   Skills:
 + Level 1.5 Fighting
 - Level 1.5 Dodging
 - Level 2.1 Stealth
 + Level 2.5 Spellcasting
 + Level 2.1 Conjurations
 + Level 3.4 Poison Magic


You had one spell level left.
You knew the following spells:

 Your Spells              Type           Power        Failure   Level  Hunger
a - Sting                 Conj/Pois      ##..         9%          1    #......
b - Poisonous Vapours     Pois/Air       #.....       21%         2    ###....
c - Mephitic Cloud        Conj/Pois/Air  #.......     36%         3    ###....

Your spell library contained the following spells:

 Spells                   Type           Power        Failure   Level  Hunger
 Olgreb's Toxic Radiance  Pois           ##......     54%         4    #####..
 Venom Bolt               Conj/Pois      ##........   94%         5    ######.


Dungeon Overview and Level Annotations

Branches:
Dungeon (2/15)

Altars:
Ashenzari
Qazlal
Lugonu


Innate Abilities, Weirdness & Mutations

You are resistant to torment.
Your stone body is resilient. (AC +3)
You are immune to poison.
You resist negative energy. (rN+)
You are resistant to electric shocks. (rElec)
You can survive without breathing.
You are immune to petrification.
You are immune to rotting.


Message History

The worm is moderately wounded.
The worm bites you.
You hit the worm.
The worm is heavily wounded.
The worm looks more healthy.
The worm bites you!
* * * LOW HITPOINT WARNING * * *
You hit the worm but do no damage.
The worm is heavily wounded.
Casting: Sting (safe; 9% risk of failure)
Confirm with . or Enter, or press ? or * to list all spells.
Aiming: Sting (safe; 9% risk of failure)
Press: ? - help, Shift-Dir - straight line, f/p - worm
Aim: a worm (heavily wounded)
The sting hits the worm.
The worm appears unharmed.
The worm is heavily wounded.
The worm bites you but does no damage.
You hit the worm.
The worm is severely wounded.
The worm bites you!
You die...

#.# #.# #.# ...
#######.#
........# .#.
........###.....
........@w..#
.......†##.##
........# #
........#
#########


You could see a worm.

Vanquished Creatures
  An adder (D:4)
  A worm (D:2)
  2 dart slugs
  4 goblins (D:1)
  3 hobgoblins
  2 jackals (D:2)
  2 kobolds (D:1)
  8 bats
  2 frilled lizards (D:1)
  11 rats
36 creatures vanquished.

Notes
Turn   | Place    | Note
-------+----------+-------------------------------------------
     0 | D:1      | Golfball the Gargoyle Venom Mage began the quest for the
                  | Orb.
     0 | D:1      | Reached XP level 1. HP: 10/10 MP: 3/3
   212 | D:1      | Reached XP level 2. HP: 14/16 MP: 1/5
   444 | D:1      | Learned a level 2 spell: Poisonous Vapours
   527 | D:1      | Reached skill level 1 in Fighting
   933 | D:1      | Reached XP level 3. HP: 20/20 MP: 4/6
   957 | D:1      | Learned a level 3 spell: Mephitic Cloud
  1296 | D:2      | Found a faded altar of an unknown god.
  1309 | D:2      | Became a worshipper of Lugonu the Unformed
  1309 | D:2      | Reached * piety under Lugonu
  1309 | D:2      | Reached ** piety under Lugonu
  1566 | D:2      | Found a shattered altar of Ashenzari.
  1597 | D:2      | Found a stormy altar of Qazlal.
  1749 | D:2      | You fall through a shaft for 2 floors!
  1770 | D:4      | Slain by a worm

Skill      XL: |  1  2  3 |
---------------+----------+-----
Fighting       | 1 |  1.5
Conjurations   | 2 |  2.1
Dodging        | |  1.5
Stealth        | |  2.1
Spellcasting   | |  2.5
Poison Magic   | |  3.4

Action                   || total
-------------------------++-------
Melee: Unarmed           ||    53
       Mace              ||    59
       Club              ||    11
 Cast: Sting             ||    45
  Use: Scroll            ||     3
 Stab: Sleeping          ||     1
  Eat: Chunk             ||     3
Armor: Robe              ||    50
       Leather armour    ||    20
Dodge: Dodged            ||   103
